 Dungeon Crawl Stone Soup version 0.29.1-13-g9f3cf754e1 (webtiles) character file.

Game seed: 16956651501467980234

1688 cheesebisquit the Skirmisher (level 8, -4/73 HPs)
             Began as a Minotaur Hunter on Jan 29, 2023.
             Slain by a two-headed ogre
             ... wielding a +0 giant club
              (15 damage)
             ... on level 6 of the Dungeon.
             The game lasted 00:17:38 (7212 turns).

cheesebisquit the Skirmisher (Minotaur Hunter)      Turns: 7212, Time: 00:17:39

Health: -4/73      AC: 12    Str: 16    XL:     8   Next: 71%
Magic:  7/7        EV: 10    Int:  6    God:
Gold:   221        SH:  0    Dex: 16    Spells: 7/7 levels left

rFire   . . .      SeeInvis +   a - +1 shortbow
rCold   . . .      Faith    .   (shield currently unavailable)
rNeg    . . .      Spirit   .   g - +0 scale mail {Will+}
rPois   .          Reflect  .   (helmet restricted)
rElec   .          Harm     .   (no cloak)
rCorr   .          Rampage  .   o - +0 pair of gloves
Will    +....                   (no boots)
Stlth   ..........              (no amulet)
HPRegen 0.22/turn               w - +4 ring of protection
MPRegen 0.10/turn               s - ring of see invisible

@: no status effects
A: horns 2, retaliatory headbutt
a: no special abilities


You were on level 6 of the Dungeon.
You visited 1 branch of the dungeon, and saw 6 of its levels.

You collected 221 gold pieces.

Inventory:

Hand Weapons
 a - a +1 shortbow (weapon)
Missiles
 u - 8 poisoned darts
 x - a throwing net
Armour
 c - a +0 leather armour
 d - a +0 ring mail
 g - a +0 scale mail of willpower (worn)
 o - a +0 pair of gloves (worn)
 B - a +2 kite shield
Jewellery
 i - a ring of positive energy
 l - a ring of willpower
 n - a ring of flight
 s - a ring of see invisible (right hand)
 w - a +4 ring of protection (left hand)
Wands
 k - a wand of flame (18)
 A - a wand of polymorph (10)
Scrolls
 b - 2 scrolls of immolation
 f - a scroll of fog
 r - a scroll of summoning {unknown}
 t - a scroll of poison {unknown}
 y - a scroll of vulnerability {unknown}
 z - a scroll of silence {unknown}
Potions
 e - a potion of berserk rage
 h - 3 potions of flight
 j - a potion of attraction
 m - a potion of magic {unknown}
 v - a potion of might {unknown}


   Skills:
 + Level 7.1 Fighting
 * Level 9.8 Ranged Weapons
 + Level 6.2 Armour
 - Level 2.1 Dodging
 - Level 0.7 Stealth


You had 7 spell levels left.
You didn't know any spells.
Your spell library contained the following spells:

 Spells                   Type           Power      Damage    Failure   Level
 Stone Arrow              Conj/Erth      0%         3d7       99%         3
 Animate Armour           Summ/Erth      0%         N/A       100%        4
 Lehudib's Crystal Spear  Conj/Erth      0%         10d2      100%        8


Dungeon Overview and Level Annotations

Branches:
Dungeon (6/15)             Temple (0/1) D:4

Altars:
Vehumet

Annotations:
D:4 Natasha, Pargi


Innate Abilities, Weirdness & Mutations

You have a pair of horns on your head.
You reflexively headbutt those who attack you in melee.


Message History

The gnoll bouda shouts!
You shoot an arrow. The arrow hits the gnoll bouda!
The gnoll bouda is severely wounded.
You shoot an arrow.
The arrow hits the gnoll bouda but does no damage.
The gnoll bouda is severely wounded.
You shoot an arrow. The arrow hits the gnoll bouda.
The gnoll bouda is severely wounded.
You shoot an arrow.
The arrow completely misses the gnoll bouda.
The gnoll bouda gazes fiercely through you!
You feel your attacks grow feeble.
You shoot an arrow. The arrow hits the gnoll bouda!
You kill the gnoll bouda!
You now have 221 gold pieces (gained 13).
Things that are here:
a +0 club; a +0 robe; a gnoll corpse Your attacks no longer feel as feeble.
A two-headed ogre comes into view.
It is wielding a +0 giant club and a +0 giant spiked club.
The two-headed ogre shouts in stereo!
As you read the scroll of fog, it crumbles to dust.
The scroll dissolves into smoke.
The two-headed ogre hits you with a +0 giant club.
The two-headed ogre closely misses you.
Things that are here:
a +0 club; a +0 robe; a gnoll corpse
Okay, then.
As you read the scroll labelled KAIPHOODDA, it crumbles to dust.
It is a scroll of amnesia.
You feel forgetful for a moment.
An orc warrior comes into view. It is wielding a +0 glaive.
As you read the scroll labelled FUCEIMECOV, it crumbles to dust.
Your body is wracked with pain!
The two-headed ogre convulses!
The orc warrior convulses!
The orc warrior shouts!
It was a scroll of torment.
The two-headed ogre hits you with a +0 giant club!!
* * * LOW HITPOINT WARNING * * *
The two-headed ogre hits you with a +0 giant spiked club!
You die...

#..........##.#####
#..........# .. #..........#
.# #..........# # #..........#
#..........# ########§###
######################§######
#
..)...........÷.@O.§§§§.......
.
..~)~~~~)~~~~~~≈~~§§§§§§.~~~~~
≈
..~~≈~≈≈≈≈≈≈≈≈~≈≈≈≈≈§.§§.≈≈≈≈≈
≈
..~≈#####~≈~≈≈~~~~§§§§)..~~≈~~
~
..~≈#...#.....................
.
.P~≈#...#############o'''#####
# ..~≈###'# #....# ..~≈~.#..
#....# ..~≈~.#


You could see a two-headed ogre and an orc warrior.

Vanquished Creatures
  A warg (D:6)
  2 ice beasts
  An ogre (D:6)
  A centaur (D:6)
  2 phantoms
  2 gnoll sergeants
  A necrophage (D:5)
  3 scorpions (D:5)
  3 howler monkeys (D:6)
  2 jellies (D:5)
  3 gnoll boudas
  3 hounds (D:6)
  2 iguanas
  A mummy (D:6)
  21 gnolls
  5 adders
  A worm (D:2)
  3 dart slugs
  An orc (D:3)
  4 ball pythons
  2 endoplasms (D:1)
  6 giant cockroaches
  6 goblins
  6 hobgoblins
  11 kobolds
  2 quokkas
  5 bats
  A frilled lizard (D:2)
  A hobgoblin zombie (D:6)
  3 orc zombies (D:6)
  6 rats
111 creatures vanquished.

Vanquished Creatures (others)
  2 plants
2 creatures vanquished.

Grand Total: 113 creatures vanquished

Notes
Turn   | Place    | Note
-------+----------+-------------------------------------------
     0 | D:1      | cheesebisquit the Minotaur Hunter began the quest for the
                  | Orb.
     0 | D:1      | Reached XP level 1. HP: 18/18 MP: 0/0
   352 | D:1      | Reached XP level 2. HP: 25/25 MP: 1/1
   596 | D:1      | Reached skill level 5 in Ranged Weapons
  1708 | D:2      | Reached XP level 3. HP: 31/31 MP: 2/2
  2660 | D:3      | Reached skill level 1 in Armour
  3006 | D:3      | Reached XP level 4. HP: 32/38 MP: 3/3
  3706 | D:4      | Noticed Pargi
  3713 | D:4      | Noticed a phantom
  3902 | D:4      | Found a staircase to the Ecumenical Temple.
  3904 | D:4      | Noticed Natasha
  3911 | D:5      | Entered Level 5 of the Dungeon
  3980 | D:5      | Noticed a scorpion
  4143 | D:4      | You fall into a shaft and drop 1 floor!
  4171 | D:5      | Reached skill level 6 in Ranged Weapons
  4171 | D:5      | Reached XP level 5. HP: 46/46 MP: 4/4
  4323 | D:5      | Reached XP level 6. HP: 15/53 MP: 5/5
  4663 | D:5      | Reached skill level 7 in Ranged Weapons
  4879 | D:5      | Reached skill level 5 in Fighting
  5006 | D:5      | Reached XP level 7. HP: 57/61 MP: 6/6
  5663 | D:5      | Reached skill level 8 in Ranged Weapons
  6150 | D:6      | Reached skill level 5 in Armour
  6150 | D:6      | Reached XP level 8. HP: 70/70 MP: 7/7
  6411 | D:6      | Found a radiant altar of Vehumet.
  6490 | D:6      | Reached skill level 9 in Ranged Weapons
  7204 | D:6      | Noticed a two-headed ogre
  7212 | D:6      | Slain by a two-headed ogre

Illustrated notes

Levels and vault maps discovered:
D:1:      evilmike_arrival_hilbert_curve, layout_basic, serial_forest,
          infiniplex_forest_end_2, infiniplex_forest_end_3,
          infiniplex_forest_corner_2, infiniplex_forest_lined_4_way,
          infiniplex_forest_clump_small, infiniplex_forest_clump_small,
          infiniplex_forest_lined_corner, infiniplex_forest_straight_3,
          infiniplex_forest_clump_medium
D:2:      layout_loops_corners, chequers_garden, minivault_4
D:3:      layout_basic, st_stairs_6, minmay_pentomino_pile
D:4:      minmay_angry_zag, layout_basic, minmay_temple_entry_crystal_x,
          uniq_natasha, uniq_pargi
D:5:      layout_layer_cave
D:6:      lemuel_castle_with_subvaults [lemuel_castle_interior_carwin_2],
          layout_rooms, mainiacjoe_overflow_24_doors, minmay_mini_ossuary

Skill      XL: |  1  2  3  4  5  6  7  8 |
---------------+-------------------------+-----
Fighting       | 3 4 5 6 7 |  7.1
Ranged Weapons | 5 6 7 8 9 |  9.8
Armour         | 1 2 3 5 6 |  6.2
Dodging        | |  2.1
Stealth        | |  0.7

Action                   |  1- 3 |  4- 6 |  7- 9 || total
-------------------------+-------+-------+-------++-------
Melee: Unarmed           |       |    21 |       ||    21
       Punch             |       |     1 |       ||     1
 Fire: Shortbow          |   137 |   105 |   216 ||   458
  Use: Scroll            |       |    10 |     4 ||    14
       Potion            |       |     5 |       ||     5
Armor: Ring mail         |    18 |       |       ||    18
       Scale mail        |    35 |    51 |    66 ||   152
       Skin              |       |    59 |       ||    59
Dodge: Dodged            |    59 |    63 |    72 ||   194
